[Event "Titled Tuesday Blitz June 20 Early 2023"]
[White "Arabidze, Meri"]
[Black "arenal72"]
[WhiteFideId "13604040"]
[WhiteElo "2405"]
[BlackElo "2368"]
[Result "1-0"]
[Round "1"]
[TimeControl "180+2"]
[Date "2023.06.20"]
[WhiteClock "0:00:10"]
[BlackClock "0:00:00"]
[Board "135"]

1. d4 Nf6 2. c4 d6 3. Nf3 g6 4. g3 Bg7 5. Bg2 O-O 6. O-O Bf5 7. Nc3 Ne4 8. Bd2 Nxc3 9. Bxc3 Be4 10. Bh3 c5 11. Rc1 Bxf3 12. exf3 cxd4 13. Bxd4 Bxd4 14. Qxd4 Nc6 15. Qe3 Qb6 16. Qd2 Qd4 17. Rfd1 Qxd2 18. Rxd2 Rfd8 19. b3 Kf8 20. f4 a5 21. Rd5 a4 22. Rb1 axb3 23. axb3 Ra5 24. Bg2 Rxd5 25. Bxd5 e6 26. Bxc6 bxc6 27. b4 Rb8 28. Kg2 Ke7 29. Kf3 Kd7 30. Ke3 Ra8 31. Rb3 Ra4 32. g4 f5 33. f3 h5 34. h3 Ra2 35. b5 cxb5 36. cxb5 Kc7 37. Rc3+ Kd7 38. b6 Rb2 39. Rc7+ Kd8 40. Rb7 hxg4 41. hxg4 Rb3+ 42. Kf2 Kc8 43. Re7 e5 44. fxe5 dxe5 45. gxf5 gxf5 46. Rxe5 f4 47. Re6 Kd7 48. Rh6 Rb2+ 49. Ke1 Kc8 50. Rf6 Kd7 51. Kd1 Ke7 52. Rh6 Kd7 53. Rg6 Kd8 54. Kc1 Rb3 55. Kc2 Rb5 56. Kc3 1-0


[Site "https://www.chess.com"]

[Event "Titled Tuesday Blitz June 20 Early 2023"]
[White "Dwilewicz, Katarzyna"]
[Black "Soham Kamotra"]
[WhiteFideId "1148486"]
[BlackFideId "46647490"]
[WhiteElo "2098"]
[BlackElo "2209"]
[Result "0-1"]
[Round "1"]
[TimeControl "180+2"]
[Date "2023.06.20"]
[WhiteClock "0:00:01"]
[BlackClock "0:00:07"]
[Board "136"]

1. e4 c6 2. d4 d5 3. Nc3 dxe4 4. Nxe4 Bf5 5. Ng3 Bg6 6. Nh3 e6 7. Nf4 Bd6 8. Ngh5 Bxf4 9. Nxf4 Nf6 10. c3 Nbd7 11. Bc4 O-O 12. O-O e5 13. Nxg6 hxg6 14. Bb3 Qc7 15. dxe5 Nxe5 16. Bf4 Rfe8 17. Re1 Rad8 18. Qe2 Nfd7 19. Rad1 Qc8 20. Qc2 Ng4 21. h3 Ngf6 22. Qxg6 Nd5 23. Qg3 Rxe1+ 24. Rxe1 Nc5 25. Bh6 g6 26. Bc2 Re8 27. Re5 Kh7 28. Rh5 Ne4 29. Bxe4 Rxe4 30. Be3+ gxh5 31. Qf3 Qe6 32. Qxh5+ Kg8 33. Qg5+ Kh7 34. Qh5+ Kg7 35. Qg5+ Qg6 36. Bd4+ f6 37. Qd2 Kf7 38. f3 Re8 39. c4 Ne7 40. Bc5 Qf5 41. b4 Qe6 42. Qd3 Nf5 43. g4 Ng7 44. Bf2 Re7 45. Kg2 Rd7 46. Qh7 Rd2 47. Qh6 Qe2 48. Qh4 Rxa2 49. Qg3 Qxf2+ 50. Qxf2 Rxf2+ 51. Kxf2 b6 52. h4 a5 53. c5 bxc5 54. bxa5 Ne6 55. a6 Nc7 56. a7 Na8 57. Ke3 Nb6 58. Kd3 Kg6 59. f4 Kg7 60. f5 Kh6 61. g5+ fxg5 62. f6 gxh4 63. f7 Kg7 64. Ke4 Kxf7 0-1


[Site "https://www.chess.com"]

[Event "Titled Tuesday Blitz June 20 Early 2023"]
[White "Timerkhanov, Alexander"]
[Black "Suarez Uriel, Adrian"]
[WhiteFideId "24177938"]
[BlackFideId "22230874"]
[WhiteElo "2278"]
[BlackElo "2331"]
[Result "0-1"]
[Round "1"]
[TimeControl "180+2"]
[Date "2023.06.20"]
[WhiteClock "0:00:00"]
[BlackClock "0:00:28"]
[Board "137"]

1. d4 Nf6 2. Bg5 c5 3. d5 d6 4. Nc3 h6 5. Bd2 b5 6. Nxb5 Nxd5 7. e4 Nc7 8. Bc3 Bb7 9. Qg4 Nd7 10. O-O-O Nf6 11. Bxf6 gxf6 12. Nf3 h5 13. Qh3 Bxe4 14. Bc4 Rb8 15. Rhe1 Bh6+ 16. Kb1 Nxb5 17. Bxb5+ Rxb5 18. Rxe4 Qd7 19. Qxh5 Rxb2+ 20. Ka1 Rb7 21. Qd5 f5 22. Re3 Bxe3 23. fxe3 Qb5 24. Qb3 Qxb3 25. axb3 Rb4 26. Kb2 Re4 27. Ra1 Rxe3 28. Rxa7 O-O 29. Nh4 e6 30. Rd7 d5 31. Rc7 c4 32. bxc4 dxc4 33. Rxc4 Rb8+ 34. Kc1 Re4 35. Rxe4 fxe4 36. g3 f5 37. Kd2 Kf7 38. c4 Kf6 39. Kc3 Rd8 40. Ng2 Ke5 41. Nf4 e3 42. h4 Ke4 43. h5 Kf3 44. h6 e2 45. Nxe2 Kxe2 46. c5 Rh8 0-1


[Site "https://www.chess.com"]

[Event "Titled Tuesday Blitz June 20 Early 2023"]
[White "Ziegler, Ari"]
[Black "Kvaloy, Aksel Bu"]
[WhiteFideId "1700987"]
[BlackFideId "1528815"]
[WhiteElo "2288"]
[BlackElo "2318"]
[Result "0-1"]
[Round "1"]
[TimeControl "180+2"]
[Date "2023.06.20"]
[WhiteClock "0:00:11"]
[BlackClock "0:00:17"]
[Board "138"]

1. e4 e5 2. Nf3 Nf6 3. Nxe5 Nc6 4. Nxc6 dxc6 5. d3 Bc5 6. Be2 h5 7. h3 Qd4 8. Rf1 Be6 9. c3 Qd7 10. d4 Bb6 11. e5 Nd5 12. Bg5 c5 13. c4 Nb4 14. a3 Na6 15. d5 Bf5 16. Nc3 Ba5 17. Qd2 c6 18. d6 O-O 19. Be7 Rfe8 20. Bxh5 Be6 21. Be2 Rxe7 22. dxe7 Qxe7 23. Qe3 Rd8 24. g4 Rd4 25. Rg1 Bxc4 26. Bxc4 Rxc4 27. Rd1 Nc7 28. Kf1 Bxc3 29. bxc3 Nd5 30. Rxd5 cxd5 31. Kg2 Re4 32. Qg3 Rxe5 33. Rd1 b6 34. Rd2 Qe6 35. Qf3 g6 36. a4 Kg7 37. a5 Re4 38. axb6 axb6 39. Rb2 d4 40. cxd4 Rxd4 41. Re2 Qd5 42. Qxd5 Rxd5 43. Re7 Rd6 44. Rb7 Rc6 45. Kf3 c4 46. Ke2 Kf6 47. Kd2 Ke6 48. f4 f6 49. Kc3 Kd5 50. Rg7 b5 51. Rxg6 Kc5 52. g5 b4+ 53. Kc2 b3+ 54. Kc3 Re6 55. Rxf6 Re3+ 56. Kb2 Re2+ 57. Kb1 c3 0-1


[Site "https://www.chess.com"]

[Event "Titled Tuesday Blitz June 20 Early 2023"]
[White "Zochowski, Kacper"]
[Black "Fajdetic, Hrvoje"]
[WhiteFideId "1125494"]
[BlackFideId "14501945"]
[WhiteElo "2235"]
[BlackElo "2185"]
[Result "0-1"]
[Round "1"]
[TimeControl "180+2"]
[Date "2023.06.20"]
[WhiteClock "0:00:00"]
[BlackClock "0:00:19"]
[Board "139"]

1. Nf3 f5 2. d3 d6 3. e4 e5 4. exf5 Bxf5 5. Nc3 Nf6 6. d4 exd4 7. Nxd4 Bd7 8. Bd3 Be7 9. O-O O-O 10. Bg5 Nc6 11. Nf5 Ne5 12. Nxe7+ Qxe7 13. Nd5 Qf7 14. Nxf6+ gxf6 15. Bh6 Rfe8 16. h3 Kh8 17. Bf4 Bc6 18. Bg3 Rg8 19. Qd2 Qd5 20. f3 Rxg3 21. Qf4 Nxd3 22. Qxg3 Qd4+ 23. Kh1 Rg8 24. c3 Qf4 25. Qxf4 Nxf4 26. g4 Nxh3 27. Kh2 Ng5 28. Kg3 Re8 29. Rae1 Re5 30. f4 Ne4+ 31. Kh4 Re7 32. Re2 Bb5 33. Rfe1 Bxe2 34. Rxe2 Kg7 35. c4 c6 36. b3 d5 37. cxd5 cxd5 38. Re3 d4 39. Rd3 Rd7 40. g5 fxg5+ 41. Kg4 Nf2+ 0-1


[Site "https://www.chess.com"]

[Event "Titled Tuesday Blitz June 20 Early 2023"]
[White "Spichkin, Alexander"]
[Black "Munkhgal, Gombosuren"]
[WhiteFideId "4144074"]
[BlackFideId "4901266"]
[WhiteElo "1986"]
[BlackElo "2528"]
[Result "0-1"]
[Round "1"]
[TimeControl "180+2"]
[Date "2023.06.20"]
[WhiteClock "0:01:14"]
[BlackClock "0:01:42"]
[Board "140"]

1. f4 d6 2. Nf3 g6 3. e4 Bg7 4. Be2 Nf6 5. O-O Nxe4 6. d3 Nf6 7. Nc3 O-O 8. Qe1 b6 9. Qh4 Bb7 10. Bd2 Nbd7 11. Rae1 a6 12. Bd1 b5 13. Bc1 c5 14. Ne4 Nxe4 15. dxe4 e5 16. Qh3 exf4 17. Bxf4 Ne5 18. Ng5 h6 19. Nf3 Nxf3+ 20. Bxf3 g5 21. Bc1 Qe7 22. c3 b4 23. cxb4 cxb4 24. Qg3 Qe5 25. Qh3 Rac8 26. Bg4 Rc2 27. Bf5 Rfc8 28. Bxc8 Bxc8 29. Qd3 Rc7 30. b3 Be6 31. Be3 Rc3 32. Qxa6 Qxe4 33. Qa7 Rc2 34. Rf2 Rc3 35. Rff1 Rxe3 36. Rxe3 Bd4 37. Qb8+ Kg7 38. Qxd6 Bxe3+ 39. Kh1 Bf4 40. Rd1 Bxd6 0-1


[Site "https://www.chess.com"]

[Event "Titled Tuesday Blitz June 20 Early 2023"]
[White "Sadykov, Ramil"]
[Black "Adury, Anant"]
[WhiteFideId "24113590"]
[BlackFideId "30964687"]
[WhiteElo "2245"]
[BlackElo "2352"]
[Result "1-0"]
[Round "1"]
[TimeControl "180+2"]
[Date "2023.06.20"]
[WhiteClock "0:02:09"]
[BlackClock "0:01:52"]
[Board "141"]

1. d4 Nf6 2. Nc3 d6 3. e4 e5 4. Nf3 Nc6 5. Bb5 exd4 6. Nxd4 Bd7 7. Bxc6 bxc6 8. Qf3 Be7 9. Bf4 O-O 10. e5 Nd5 11. Nxd5 cxd5 12. exd6 Bf6 13. dxc7 Qe8+ 14. Ne2 Bxb2 15. Rb1 Bc3+ 16. Qxc3 1-0


[Site "https://www.chess.com"]

[Event "Titled Tuesday Blitz June 20 Early 2023"]
[White "Fernandez Siles, Luis"]
[Black "Koshulyan, Egor A."]
[WhiteFideId "2209420"]
[BlackFideId "24237000"]
[WhiteElo "2195"]
[BlackElo "2216"]
[Result "0-1"]
[Round "1"]
[TimeControl "180+2"]
[Date "2023.06.20"]
[WhiteClock "0:00:15"]
[BlackClock "0:00:54"]
[Board "142"]

1. d4 Nf6 2. c4 e5 3. dxe5 Ng4 4. e3 Nxe5 5. Nh3 d5 6. Qxd5 Qxd5 7. cxd5 Bxh3 8. gxh3 Nbd7 9. Nc3 O-O-O 10. Be2 Nb6 11. f4 Ng6 12. e4 Bc5 13. Bd2 Rhe8 14. O-O-O Bb4 15. Rhe1 Kb8 16. Bf3 Bxc3 17. Bxc3 Nxf4 18. Bxg7 f5 19. exf5 Rxe1 20. Rxe1 Nd3+ 21. Kd2 Nxe1 22. Kxe1 Nxd5 23. f6 Nxf6 24. Bxf6 Rf8 25. Bxb7 Kxb7 26. Bh4 Kc6 27. Kd2 Kd5 28. Bg3 c5 29. b3 Ke4 30. Kc3 Kd5 31. Kd3 h5 32. h4 Rf3+ 33. Ke2 Rf6 34. Kd3 Ra6 35. a4 Rb6 36. Kc3 Rf6 37. Bb8 Rf3+ 38. Kc2 a6 39. Ba7 c4 40. b4 Rh3 41. Bb8 Rxh4 42. a5 Kc6 43. Kc3 Kb5 44. Bd6 Rh3+ 45. Kc2 Rd3 46. Be7 Re3 47. Bd6 Re6 0-1


[Site "https://www.chess.com"]

[Event "Titled Tuesday Blitz June 20 Early 2023"]
[White "Jia, Haoxiang"]
[Black "Rosenberg, Evan S"]
[WhiteFideId "8602999"]
[BlackFideId "2019299"]
[WhiteElo "2643"]
[BlackElo "2346"]
[Result "1-0"]
[Round "1"]
[TimeControl "180+2"]
[Date "2023.06.20"]
[WhiteClock "0:00:39"]
[BlackClock "0:00:44"]
[Board "143"]

1. e4 c5 2. Nc3 g6 3. g3 Bg7 4. Bg2 Nc6 5. d3 a6 6. f4 b5 7. Nf3 b4 8. Ne2 Nf6 9. O-O O-O 10. Be3 d6 11. h3 Rb8 12. g4 a5 13. f5 a4 14. Rb1 Ba6 15. fxg6 hxg6 16. Ng5 c4 17. d4 c3 18. b3 e5 19. d5 Nd4 20. Nxd4 exd4 21. Bxd4 Bxf1 22. Qxf1 Nxd5 23. Bxg7 Kxg7 24. h4 Ne3 25. Qe2 Nxg2 26. Kxg2 Rh8 27. Rf1 Rxh4 28. Rxf7+ Kg8 29. Rg7+ Kxg7 30. Ne6+ Kh7 31. Nxd8 Rxd8 32. Kg3 Rh6 33. bxa4 Kg7 34. Qc4 Rdh8 35. Qc7+ Kg8 36. Qd8+ Kg7 37. Qe7+ Kg8 38. Qxd6 Rh3+ 39. Kf4 R8h6 40. Kg5 Kf7 41. e5 Rh2 42. e6+ Kg7 43. Qe7+ Kg8 44. Qf7+ Kh8 45. e7 1-0


[Site "https://www.chess.com"]

[Event "Titled Tuesday Blitz June 20 Early 2023"]
[White "Ovezdurdyyeva, Jemal"]
[Black "Ashraf, Artin"]
[WhiteFideId "14001888"]
[BlackFideId "22514805"]
[WhiteElo "2069"]
[BlackElo "2224"]
[Result "0-1"]
[Round "1"]
[TimeControl "180+2"]
[Date "2023.06.20"]
[WhiteClock "0:00:18"]
[BlackClock "0:00:06"]
[Board "144"]

1. e4 c5 2. Nf3 d6 3. d4 cxd4 4. Nxd4 Nf6 5. Nc3 a6 6. Bc4 e6 7. O-O b5 8. Bb3 Bb7 9. Qe2 Be7 10. f3 Nbd7 11. Be3 Rc8 12. Bxe6 fxe6 13. Nxe6 Qa5 14. Nxg7+ Kf7 15. Nf5 b4 16. Nd5 Bxd5 17. exd5 Qxd5 18. Nxe7 Kxe7 19. Qxa6 Rxc2 20. Rad1 Rg8 21. Bf2 Qxf3 22. Qxd6+ Kf7 23. g3 Rxf2 24. Rxf2 Qxf2+ 25. Kxf2 Ne4+ 26. Ke3 Nxd6 27. Rxd6 Ne5 28. Rb6 Nc4+ 0-1


[Site "https://www.chess.com"]

[Event "Titled Tuesday Blitz June 20 Early 2023"]
[White "Jakubowski, Krzysztof"]
[Black "Tobares, Leandro"]
[WhiteFideId "1112848"]
[BlackFideId "106402"]
[WhiteElo "2359"]
[BlackElo "2292"]
[Result "1-0"]
[Round "1"]
[TimeControl "180+2"]
[Date "2023.06.20"]
[WhiteClock "0:01:38"]
[BlackClock "0:00:44"]
[Board "145"]

1. c4 Nf6 2. g3 d6 3. Bg2 e5 4. Nc3 Be7 5. e4 O-O 6. Nge2 Be6 7. d3 Qd7 8. h3 c5 9. f4 exf4 10. gxf4 Qd8 11. Be3 Nc6 12. Qd2 a6 13. f5 Bd7 14. Rg1 b5 15. Bh1 bxc4 16. dxc4 Ne5 17. b3 Bc6 18. Nf4 Kh8 19. O-O-O a5 20. a4 Rb8 21. Nb5 Bxe4 22. Bxe4 Nxe4 23. Qg2 Bf6 24. Qxe4 Re8 25. Rxd6 Qc8 26. Nd5 Rxb5 27. axb5 Nc6 28. Qg4 Rg8 29. Nxf6 1-0


[Site "https://www.chess.com"]

[Event "Titled Tuesday Blitz June 20 Early 2023"]
[White "Karenza, Dita"]
[Black "Druska, Juraj"]
[WhiteFideId "7101473"]
[BlackFideId "14915650"]
[WhiteElo "1955"]
[BlackElo "2415"]
[Result "0-1"]
[Round "1"]
[TimeControl "180+2"]
[Date "2023.06.20"]
[WhiteClock "0:00:11"]
[BlackClock "0:00:10"]
[Board "146"]

1. e4 a6 2. d4 b5 3. Bd3 Bb7 4. c3 c5 5. d5 c4 6. Bc2 e6 7. Nf3 Nf6 8. Bg5 h6 9. Bxf6 Qxf6 10. O-O Bc5 11. a4 O-O 12. Na3 exd5 13. e5 Qb6 14. a5 Qe6 15. Re1 Nc6 16. Nd4 Bxd4 17. cxd4 b4 18. Nxc4 dxc4 19. d5 Qe7 20. dxc6 Bxc6 21. Qg4 c3 22. bxc3 bxc3 23. Rad1 Rab8 24. Qf5 g6 25. Qf4 Qg5 26. Qxg5 hxg5 27. Re3 Rfe8 28. Rde1 Rb5 29. Rxc3 Rbxe5 30. Rce3 Rxe3 31. Rxe3 Rb8 32. h3 Kg7 33. Bd3 Bb5 34. Be4 Rc8 35. Kh2 Rc1 36. Bd5 Rc5 37. Bb3 f5 38. Re7+ Kf6 39. Rf7+ Ke5 40. Rg7 Rc3 41. Bf7 Kf6 42. Rh7 Rc2 43. Kg3 f4+ 44. Kh2 Rxf2 45. Be8 Bc6 46. Rf7+ Ke6 47. Rg7 Rxg2+ 48. Kh1 Rg3+ 49. Kh2 Kf6 50. Rxg6+ Ke5 51. Rxg5+ Rxg5 52. Bh5 Rg2+ 53. Kh1 Rg3+ 54. Kh2 Be4 0-1


[Site "https://www.chess.com"]

[Event "Titled Tuesday Blitz June 20 Early 2023"]
[White "Martic, Ivan"]
[Black "Bogaudinov, Rushan"]
[WhiteFideId "929301"]
[BlackFideId "4129288"]
[WhiteElo "2346"]
[BlackElo "1967"]
[Result "0-1"]
[Round "1"]
[TimeControl "180+2"]
[Date "2023.06.20"]
[WhiteClock "0:00:22"]
[BlackClock "0:00:16"]
[Board "147"]

1. e4 c5 2. Nf3 e6 3. d4 cxd4 4. Nxd4 a6 5. Nc3 Nc6 6. Be2 Qc7 7. O-O b5 8. Nxc6 dxc6 9. f4 c5 10. e5 Bb7 11. Bf3 Rd8 12. Qe2 Ne7 13. Bxb7 Qxb7 14. a4 b4 15. Ne4 Nf5 16. c3 h5 17. Bd2 h4 18. h3 Be7 19. Rad1 O-O 20. Qc4 Qd5 21. Qe2 Qb3 22. Qxa6 Qxb2 23. Kh2 Qc2 24. Qc4 bxc3 25. Rc1 Qxd2 26. Nxd2 cxd2 27. Rcd1 Ne3 28. Qe2 Nxf1+ 29. Qxf1 Rd4 30. Qe2 Rfd8 31. a5 c4 32. Qe3 Bb4 33. a6 c3 34. a7 c2 35. Rxd2 Bxd2 36. Qxd4 Rxd4 37. a8=Q+ Kh7 38. Qa1 Bxf4+ 39. g3 Rd2+ 40. Kh1 Rd1+ 0-1


[Site "https://www.chess.com"]

[Event "Titled Tuesday Blitz June 20 Early 2023"]
[White "Omariev, Maksim"]
[Black "Weishaeutel, Moritz"]
[WhiteFideId "4193423"]
[BlackFideId "12967300"]
[WhiteElo "2337"]
[BlackElo "2301"]
[Result "0-1"]
[Round "1"]
[TimeControl "180+2"]
[Date "2023.06.20"]
[WhiteClock "0:00:10"]
[BlackClock "0:00:52"]
[Board "148"]

1. b3 b6 2. Bb2 Bb7 3. h3 Nf6 4. Nf3 d6 5. c4 e5 6. Nc3 Nbd7 7. d3 Be7 8. e4 O-O 9. g4 Nc5 10. g5 Nfd7 11. h4 Ne6 12. Nd5 Bxd5 13. cxd5 Nf4 14. Bh3 Nc5 15. Bf1 Qc8 16. Rc1 Qa6 17. Rc4 Qxa2 18. Bc1 b5 19. Rc2 Qxb3 20. Bxf4 exf4 21. d4 Nxe4 22. Bd3 Nc3 23. Qc1 Nxd5 24. Qd2 Qb4 25. O-O Qxd2 26. Nxd2 Nb4 27. Rc3 Nxd3 28. Rxd3 f6 29. Rb1 fxg5 30. hxg5 Bxg5 31. Rxb5 Bf6 32. Ne4 Rab8 33. Ra5 Rb7 34. Kg2 Re8 35. Kf3 Kf7 36. Kxf4 Ke7 37. Ng3 g6 38. Ne4 Rf8 39. Ke3 Bg7 40. f3 Bh6+ 41. Ke2 Rb2+ 42. Kd1 Rfb8 43. Rda3 R8b3 44. Rxb3 Rxb3 45. Ke2 Rb7 46. Nc3 Bg7 47. Nb5 Kd7 48. Nxa7 Bxd4 49. Nb5 Bc5 50. Nc3 Bb4 51. Rb5 Rxb5 52. Nxb5 Bc5 53. Nc3 Ke6 54. Ne4 h6 55. Kd3 Bb4 56. Nf2 d5 57. Ng4 h5 58. Ne3 c5 59. Nc2 Ba5 60. Ke3 Bb6 61. Kf4 Kf6 62. Na3 Bc7+ 63. Ke3 h4 64. Nb5 Bb8 65. Kf2 h3 66. Nc3 Ke5 67. Kg3 Kd4+ 68. Kxh3 Kxc3 69. f4 Bxf4 70. Kg4 g5 71. Kf3 d4 72. Ke2 Kc2 73. Kf3 d3 74. Ke4 d2 75. Kd5 d1=Q+ 76. Kc4 Qd4+ 77. Kb5 g4 78. Kc6 g3 79. Kb5 g2 80. Kc6 g1=Q 81. Kb5 Qg6 82. Ka5 Qb4# 0-1


[Site "https://www.chess.com"]

[Event "Titled Tuesday Blitz June 20 Early 2023"]
[White "Fiorito, Joaquin"]
[Black "San Thit Lwin"]
[WhiteFideId "180173"]
[BlackFideId "13001272"]
[WhiteElo "2199"]
[BlackElo "2232"]
[Result "1-0"]
[Round "1"]
[TimeControl "180+2"]
[Date "2023.06.20"]
[WhiteClock "0:00:11"]
[BlackClock "0:00:00"]
[Board "149"]

1. d4 Nf6 2. c4 c5 3. d5 e6 4. Nc3 exd5 5. cxd5 d6 6. e4 g6 7. f4 Bg7 8. Bb5+ Nfd7 9. a4 O-O 10. Nf3 a6 11. Be2 Re8 12. O-O Bxc3 13. bxc3 Rxe4 14. f5 c4 15. Ng5 Re8 16. a5 Ne5 17. Qd4 Nbd7 18. Qh4 h5 19. Be3 Ng4 20. Bxg4 Rxe3 21. Bxh5 gxh5 22. Qxh5 Qf6 23. Rf4 Ne5 24. Raf1 Bd7 25. Ne4 Qh8 26. Qg5+ Qg7 27. Qh4 Rxe4 28. Rxe4 Re8 29. Kh1 f6 30. Re3 Kf7 31. Qh5+ Ke7 32. Rb1 Bc8 33. Rbe1 Rg8 34. Rg3 Qf8 35. Rh3 Qg7 36. Qe2 Qg4 37. Qf2 Qg5 38. Rg3 Rg7 39. Rxg5 Rxg5 40. Qb6 Rxf5 41. Qc7+ Bd7 42. Qxb7 Rf2 43. Qxa6 Rc2 44. Qxc4 Bg4 45. h3 Bf5 46. a6 Bd3 47. Qxd3 Ra2 48. Rxe5+ fxe5 49. Qb5 Ra1+ 50. Kh2 Kf6 51. Qb7 Kf5 52. a7 e4 53. a8=Q e3 54. Qxa1 1-0


[Site "https://www.chess.com"]

[Event "Titled Tuesday Blitz June 20 Early 2023"]
[White "Mazurkiewicz, Michal"]
[Black "Souleidis, Georgios"]
[WhiteFideId "1124943"]
[BlackFideId "4206827"]
[WhiteElo "2063"]
[BlackElo "2401"]
[Result "0-1"]
[Round "1"]
[TimeControl "180+2"]
[Date "2023.06.20"]
[WhiteClock "0:00:00"]
[BlackClock "0:00:09"]
[Board "150"]

1. e4 c5 2. Nf3 e6 3. d3 Nc6 4. g3 d5 5. Nbd2 g6 6. Bg2 Bg7 7. O-O Nge7 8. Re1 O-O 9. e5 h6 10. h4 b5 11. Nf1 Rb8 12. Bf4 a5 13. Qd2 Kh7 14. N1h2 b4 15. Ng4 Nf5 16. Nf6+ Bxf6 17. exf6 Qxf6 18. Bxb8 Nxb8 19. Qf4 Nd7 20. g4 Nd4 21. Qxf6 Nxf6 22. Nxd4 cxd4 23. g5 hxg5 24. hxg5 Nd7 25. a3 b3 26. cxb3 Nc5 27. b4 axb4 28. axb4 Nxd3 29. Red1 Nxb4 30. Ra8 Kg7 31. Rxd4 Nc6 32. Rda4 Bb7 33. Rxf8 Kxf8 34. b4 Ke7 35. b5 Nd8 36. f4 Kd6 37. Ra2 Kc5 38. Rb2 Kb6 39. Kf2 e5 40. fxe5 Ne6 41. Rd2 Kxb5 42. Bxd5 Bxd5 43. Rxd5+ Kc4 44. Rd7 Nxg5 45. Ke3 Kc5 46. Kf4 Ne6+ 47. Kg4 Kc6 48. Rd6+ Kc5 49. Kf3 Ng5+ 50. Ke3 Ne6 51. Rd7 Kc6 0-1


[Site "https://www.chess.com"]

[Event "Titled Tuesday Blitz June 20 Early 2023"]
[White "Vlassov, Nikolai"]
[Black "Alahakoon, Isuru"]
[WhiteFideId "4103360"]
[BlackFideId "9900993"]
[WhiteElo "2324"]
[BlackElo "1819"]
[Result "1-0"]
[Round "1"]
[TimeControl "180+2"]
[Date "2023.06.20"]
[WhiteClock "0:00:16"]
[BlackClock "0:00:04"]
[Board "151"]

1. e4 d5 2. exd5 Nf6 3. Bb5+ Bd7 4. Bc4 Bg4 5. f3 Bf5 6. g4 Bg6 7. Nc3 Nbd7 8. Nge2 Nb6 9. Bb5+ Nfd7 10. Nf4 a6 11. Bxd7+ Qxd7 12. h4 h6 13. Nxg6 fxg6 14. Qe2 O-O-O 15. d3 Nxd5 16. Nxd5 Qxd5 17. Qe4 Qc5 18. Kd1 e5 19. Be3 Qd6 20. Bf2 Be7 21. Kd2 Rhf8 22. Bg3 Qb4+ 23. Qxb4 Bxb4+ 24. Ke2 Bd6 25. Rae1 e4 26. Bxd6 exf3+ 27. Kf2 Rxd6 28. Re4 Rb6 29. b3 Rc6 30. c4 Rd6 31. d4 Rdf6 32. Rhe1 Rf4 33. R1e3 h5 34. g5 R8f7 35. d5 Kd7 36. Rxf4 Rxf4 37. Rxf3 Rxh4 38. Rf7+ Kd6 39. Rxg7 Rh2+ 40. Kf3 Rxa2 41. Rxg6+ Ke5 42. Rg7 Rb2 43. Rxc7 Rxb3+ 44. Kg2 Kf5 45. d6 Ke6 46. c5 h4 47. g6 Rg3+ 48. Kh2 Rxg6 49. Rxb7 Rg5 50. Re7+ Kf6 51. c6 Rc5 52. c7 Rc6 53. Re8 Rc2+ 54. Kh3 Rc3+ 55. Kxh4 Rc4+ 56. Kg3 Rc3+ 57. Kf2 Rc2+ 58. Ke3 Rc5 59. c8=Q 1-0


[Site "https://www.chess.com"]

[Event "Titled Tuesday Blitz June 20 Early 2023"]
[White "Shapiro, Daniel"]
[Black "Seemann, Jakub"]
[WhiteFideId "2001780"]
[BlackFideId "21874697"]
[WhiteElo "2336"]
[BlackElo "2364"]
[Result "0-1"]
[Round "1"]
[TimeControl "180+2"]
[Date "2023.06.20"]
[WhiteClock "0:00:00"]
[BlackClock "0:00:12"]
[Board "152"]

1. d4 Nf6 2. c4 e6 3. g3 d5 4. Nf3 dxc4 5. Bg2 Nc6 6. Qa4 Bb4+ 7. Bd2 Nd5 8. Bxb4 Nxb4 9. a3 b5 10. Qxb5 Nc2+ 11. Kd2 Bd7 12. Kxc2 Nxd4+ 13. Nxd4 Bxb5 14. Nxb5 O-O 15. Bxa8 Qxa8 16. N1c3 a6 17. Nd4 c5 18. Nf3 Qb7 19. Rhd1 g5 20. h3 f6 21. Nd2 Qg2 22. Rf1 Qxh3 23. Nxc4 Qf5+ 24. e4 Qf3 25. Rad1 Rb8 26. Rd3 Qh5 27. Rfd1 Qh2 28. R1d2 h5 29. Rd7 h4 30. gxh4 gxh4 31. Re7 h3 32. Rdd7 Qg2 33. Rg7+ Qxg7 34. Rxg7+ Kxg7 35. Ne2 h2 36. Ng3 Kg6 37. Ne3 Rh8 38. Nh1 Kg5 39. Kd2 Kf4 40. Ke2 Kxe4 41. Ng4 f5 42. Ne3 a5 43. Nc4 a4 44. Nd2+ Kd5 45. Kf3 Rb8 46. Kg2 Rxb2 47. Nf3 Rb3 48. Nxh2 Rxa3 49. Nf3 Rxf3 50. Kxf3 a3 51. Ng3 a2 52. Ne2 a1=Q 53. Nc3+ Qxc3+ 54. Kf4 Qd4+ 0-1


[Site "https://www.chess.com"]

[Event "Titled Tuesday Blitz June 20 Early 2023"]
[White "Domingo Nunez, Alejandro"]
[Black "Sovetbekova, Nurai"]
[WhiteFideId "22245561"]
[BlackFideId "13801910"]
[WhiteElo "2291"]
[BlackElo "1857"]
[Result "1-0"]
[Round "1"]
[TimeControl "180+2"]
[Date "2023.06.20"]
[WhiteClock "0:01:05"]
[BlackClock "0:00:06"]
[Board "153"]

1. Nf3 d5 2. g3 Nd7 3. d4 Nb6 4. Bg2 Nf6 5. O-O Bf5 6. Nh4 Bg4 7. f3 Bh5 8. g4 Bg6 9. Nxg6 hxg6 10. e4 dxe4 11. fxe4 e6 12. Nc3 c6 13. h3 Qd7 14. Qd3 O-O-O 15. Be3 Bb4 16. a3 Bxc3 17. Qxc3 Na8 18. b4 Nc7 19. a4 Rh7 20. b5 cxb5 21. axb5 Qxb5 22. Rfb1 Qc6 23. Qxc6 bxc6 24. Rxa7 Kd7 25. Bf4 Rc8 26. Rbb7 Ne8 27. d5 c5 28. Bf1 g5 29. Bb5+ Ke7 30. Bxc7 exd5 31. Be5+ Ke6 32. Re7# 1-0


[Site "https://www.chess.com"]

[Event "Titled Tuesday Blitz June 20 Early 2023"]
[White "Shtompel, Yuriy"]
[Black "Stepanencu, Nicodim-Cosmin"]
[WhiteFideId "14168278"]
[BlackFideId "1256220"]
[WhiteElo "1844"]
[BlackElo "2154"]
[Result "1/2-1/2"]
[Round "1"]
[TimeControl "180+2"]
[Date "2023.06.20"]
[WhiteClock "0:00:04"]
[BlackClock "0:00:04"]
[Board "154"]

1. Nf3 Nf6 2. g3 b6 3. Bg2 Bb7 4. O-O g6 5. d3 Bg7 6. e4 O-O 7. Re1 c5 8. Nbd2 d6 9. c3 Nc6 10. h3 e5 11. Nc4 Re8 12. Ne3 h6 13. a3 a5 14. c4 a4 15. Nd5 Nxd5 16. cxd5 Nd4 17. Nxd4 exd4 18. h4 b5 19. Bf4 c4 20. Bf1 c3 21. bxc3 dxc3 22. d4 Qb6 23. Rb1 Qxd4 24. Qxd4 Bxd4 25. Rxb5 Ba6 26. Rb4 Bc5 27. Rxa4 Bxf1 28. Rxa8 Rxa8 29. Kxf1 Rxa3 30. Rc1 Ra2 31. Rxc3 Rxf2+ 32. Ke1 Ra2 33. Kd1 Ra4 34. e5 Rd4+ 35. Ke2 Rxd5 36. exd6 Bxd6 37. Rc8+ Kg7 38. Rd8 Bxf4 39. Rxd5 Bxg3 40. h5 g5 41. Kf3 Bf4 42. Kg4 Kf6 43. Ra5 Ke6 44. Ra6+ Bd6 45. Ra5 f6 46. Rf5 Be5 47. Rf1 Bf4 48. Re1+ Be5 49. Rf1 Kd5 50. Kf5 Bd4 51. Rd1 Kc4 52. Kg6 g4 53. Kxh6 g3 54. Kg6 g2 55. h6 f5 56. Kxf5 g1=Q 57. Rxg1 Bxg1 58. h7 Bd4 59. h8=Q Bxh8 1/2-1/2


[Site "https://www.chess.com"]

[Event "Titled Tuesday Blitz June 20 Early 2023"]
[White "Sochacki, Christophe"]
[Black "Cardozo Munar, Carlos Eduardo"]
[WhiteFideId "662569"]
[BlackFideId "4409477"]
[WhiteElo "2501"]
[BlackElo "2067"]
[Result "1-0"]
[Round "1"]
[TimeControl "180+2"]
[Date "2023.06.20"]
[WhiteClock "0:00:14"]
[BlackClock "0:00:00"]
[Board "155"]

1. h4 d5 2. h5 h6 3. d4 Nf6 4. Bf4 Bf5 5. Nd2 e6 6. e3 Bd6 7. f3 Nbd7 8. g4 Bh7 9. Bb5 Qe7 10. Ne2 e5 11. dxe5 Bxe5 12. Kf2 Bxb2 13. Rb1 Be5 14. Bxd7+ Nxd7 15. Rxb7 O-O 16. Nb3 a5 17. Qxd5 a4 18. Nbd4 Bxf4 19. exf4 Nf6 20. Qe5 Rfe8 21. Qxe7 Rxe7 22. f5 Rae8 23. Nf4 Kf8 24. Rhb1 Rd7 25. c3 c5 26. Rxd7 Nxd7 27. Nc6 Rc8 28. Rb7 Ke8 29. Na7 Ra8 30. Nd5 Rd8 31. Nc6 f6 32. Nc7+ Kf7 33. Nxd8+ Ke7 34. Nce6 Bg8 35. Nc6+ Kd6 36. Ncd8 Ne5 37. Nxg7 Bxa2 38. Ne8+ Kd5 39. Nxf6+ Kc4 40. Ne4 1-0


[Site "https://www.chess.com"]